 Dungeon Crawl Stone Soup version 0.22-a0-433-gd2a9cce (webtiles) character file.

105214 Gorglomux the Warrior (level 15, -8/101 HPs)
             Began as a Minotaur Abyssal Knight on May 27, 2018.
             Was a High Priest of Makhleb.
             Killed from afar by a wretched star (21 damage)
             ... with an orb of energy
             ... on level 4 of the Abyss.
             The game lasted 00:24:21 (21861 turns).

Gorglomux the Warrior (Minotaur Abyssal Knight)    Turns: 21861, Time: 00:24:22

Health: -8/101     AC: 20    Str: 21      XL:     15   Next: 94%
Magic:  3/13       EV: 14    Int:  1      God:    Makhleb [*****.]
Gold:   2115       SH: 13    Dex: 15 (16) Spells: 14/14 levels left

rFire    . . .     SeeInvis .   b - +5 broad axe (chop)
rCold    . . .     Gourm    .   J - +0 shield
rNeg     . . .     Faith    .   W - +7 chain mail of Makhleb's Approval {rElec Str+3 Int-4 Dex+5}
rPois    +         Spirit   .   (helmet restricted)
rElec    +         Reflect  .   (no cloak)
rCorr    .         Harm     .   (no gloves)
MR       ++...     Rnd*Rage +   j - +2 pair of boots Stlth ..........Rnd*Tele +
                                r - amulet of regeneration
HPRegen  0.00/turn              o - ring of poison resistance
MPRegen  0.13/turn              m - ring of protection from magic

@: berserk cooldown, slowed, very slow
A: retaliatory headbutt, horns 2, [berserk 3], [blurry vision 2], [deformed
body], [deterioration 2], [dopey 2], [frail 3], [low mp 3], [inhibited
regeneration], [teleportitis 3], [weak 2], [subdued magic 2]
a: Minor Destruction, Lesser Servant of Makhleb, Major Destruction, Greater
Servant of Makhleb, Renounce Religion


You were on level 4 of the Abyss.
You worshipped Makhleb.
Makhleb was extremely pleased with you.
You were very full.

You visited 4 branches of the dungeon, and saw 23 of its levels.
You visited the Abyss 2 times.

You collected 2115 gold pieces.

Inventory:

Hand Weapons
 a - a +3 hand axe of flaming
 b - a +5 broad axe of chopping (weapon)
Missiles
 Z - a throwing net (quivered)
Armour
 j - a +2 pair of boots (worn)
 J - a +0 shield (worn)
 W - the +7 chain mail of Makhleb's Approval (worn) {rElec Str+3 Int-4 Dex+5}
   (You found it on level 5 of the Dungeon)

   It affects your strength (+3).
   It affects your intelligence (-4).
   It affects your dexterity (+5).
   It insulates you from electricity.
Jewellery
 c - an uncursed ring of protection from cold
 m - a ring of protection from magic (right hand)
 o - a ring of poison resistance (left hand)
 r - an amulet of regeneration (around neck)
 s - an uncursed ring of see invisible
 x - an uncursed amulet of the gourmand
Wands
 A - a wand of acid (32)
 E - a wand of enslavement (15)
 I - a wand of iceblast (10)
 P - a wand of paralysis (24)
 S - a wand of scattershot (7)
Scrolls
 C - a scroll of enchant weapon
 G - 5 scrolls of remove curse
 H - a scroll of immolation
 K - a scroll of vulnerability
 M - 6 scrolls of magic mapping
 R - 2 scrolls of identify
 T - 6 scrolls of teleportation
 V - 5 scrolls of enchant armour
 Y - 5 scrolls of fear
Potions
 i - 5 potions of mutation {!q}
 p - 3 potions of agility
 v - a potion of magic
 y - 5 potions of brilliance
 z - a potion of haste
 B - 2 potions of lignification
 N - a potion of might
 O - 2 potions of cancellation
 Q - 3 potions of curing
Miscellaneous
 F - a lightning rod (4/4)
 U - a box of beasts
Comestibles
 D - 32 rations
 X - 4 chunks of flesh


   Skills:
 + Level 16.3 Fighting
 + Level 16.2 Axes
 + Level 16.1 Armour
 - Level 10.3 Dodging
 + Level 12.6 Shields
 - Level 8.0 Invocations


You had 14 spell levels left.
You didn't know any spells.
Your spell library contained the following spells:

 Spells                   Type           Power        Failure   Level  Hunger
 Cause Fear               Hex            #.........   100%        4    #####..
 Magic Dart               Conj           #...         98%         1    ##.....
 Apportation              Tloc           #.....       98%         1    ##.....
 Conjure Flame            Conj/Fire      #.......     100%        3    ####...
 Bolt of Magma            Conj/Fire/Erth #.........   100%        5    ######.
 Slow                     Hex            #.......     99%         2    ###....
 Invisibility             Hex            #.......     100%        6    #######
 Mephitic Cloud           Conj/Pois/Air  #.......     100%        3    ####...
 Venom Bolt               Conj/Pois      #.........   100%        5    ######.
 Summon Small Mammal      Summ           #...         98%         1    ##.....
 Blink                    Tloc           N/A          99%         2    ###....
 Iskenderun's Mystic Bla  Conj           #.......     100%        4    #####..
 Animate Dead             Necr           N/A          100%        4    #####..
 Pain                     Necr           #...         98%         1    ##.....
 Animate Skeleton         Necr           N/A          98%         1    ##.....
 Vampiric Draining        Necr           #.........   100%        3    ####...
 Call Imp                 Summ           #.......     99%         2    ###....
 Regeneration             Chrm/Necr      #.........   100%        3    ####...
 Tukima's Dance           Hex            #.......     100%        3    ####...
 Iron Shot                Conj/Erth      #.........   100%        6    #######
 Confusing Touch          Hex            #.....       98%         1    ##.....
 Summon Butterflies       Summ           #.......     98%         1    ##.....
 Corona                   Hex            #......      98%         1    ##.....
 Alistair's Intoxication  Tmut/Pois      #.......     100%        5    ######.
 Portal Projectile        Hex/Tloc       #.....       100%        3    ####...
 Orb of Destruction       Conj           #.........   100%        7    #######
 Leda's Liquefaction      Hex/Erth       #.........   100%        4    #####..
 Inner Flame              Hex/Fire       #.......     100%        3    ####...
 Iskenderun's Battlesphe  Conj/Chrm      #.......     100%        5    ######.
 Fulminant Prism          Conj/Hex       #.........   100%        4    #####..
 Dazzling Spray           Conj/Hex       #.....       100%        3    ####...
 Force Lance              Conj/Tloc      #.......     100%        4    #####..
 Searing Ray              Conj           #.....       99%         2    ###....
 Spellforged Servitor     Conj/Summ      #.........   100%        7    #######
 Lesser Beckoning         Tloc           #.........   100%        3    ####...


Dungeon Overview and Level Annotations

Branches:
Dungeon (15/15)            Temple (1/1) D:7            Lair (6/6) D:10
  Swamp (0/4) Lair:4       Spider (0/4) Lair:4        Slime (0/5) Lair:5
    Orc (1/2) D:11         Vaults (0/5) D:13         Depths (0/5) D:15

Altars:
Ashenzari
Cheibriados
Dithmenos
Elyvilon
Fedhas
Gozag
Hepliaklqana
Kikubaaqudgha
Makhleb
Nemelex Xobeh
Okawaru
Qazlal
Ru
Sif Muna
Trog
Uskayaw
Vehumet
Wu Jian
Xom
Yredelemnul
Zin
The Shining One
Beogh

Shops:
D:9 %

Portals:
Trove: D:10 (give +2 shadow dragon scales)

Annotations:
D:3 1 runed door
D:8 Slunt's ghost, novice DsCK


Innate Abilities, Weirdness & Mutations

You reflexively headbutt those who attack you in melee.
You have a pair of horns on your head.
[You have an uncontrollable temper.]
[Scrolls take you longer to read.]
[Armour fits poorly on your strangely shaped body.]
[Your body often deteriorates upon taking damage.]
[You are very dopey. (Int -4)]
[You are extremely frail. (-30% HP)]
[Your magical capacity is extremely low. (-30% MP)]
[You do not regenerate when monsters are visible.]
[You are often teleported next to monsters.]
[You are very weak. (Str -4)]
[Your spells are easier to cast, but less powerful.]


Message History

The starcursed mass shrieks in your mind! * * * don't die
* * * Unknown command!
Unknown command!
You barely miss the wretched star!
The wretched star is almost destroyed!
The starcursed mass shrieks in your mind! * * * don't die
* * * The wretched star pulses with an eldritch butt!!!
You feel butt!
Unknown command!
You closely butts the wretched star!
You headbutt the wretched star, but do no damage!
The wretched star is almost destroyed!
Unknown command!
Unknown command!
You feel better!
The wretched star glows turbulently!
The orb of energy hits you!!! rip

# # # .
# # # #
# # . .
. . ###
. .. #
#. # . .
# .# ##
.. # .
... # .
. ##
##### ..
...... .
###*X# p
#. . $ #
##.@##
X5p##
.#.#..
#...# x4
..# . #
.# # .(
##'##
.5#5.# #
# †....
#.X...#
# . . ##
. ..∩
.##...##
. #...
......
##φ## #.
.#####
.###
##.# ###
. # # .


You could see a starcursed mass and a wretched star.

Vanquished Creatures
  3 tentacled starspawn
  A fire giant (D:15)
  A deep elf sorcerer (Abyss:4)
  A ghost moth (Abyss:4)
  Snorg (Lair:3)
  A merfolk javelineer (Abyss:4)
  5 hydras
  5 vault guards (D:13)
  2 centaur warriors
  Erica (Orc:1)
  3 catoblepae (Lair:6)
  2 ogre magi (D:15)
  12 two-headed ogres
  A vampire mage (Abyss:4)
  Urug (Lair:5)
  9 death yaks (Lair:6)
  A satyr (Abyss:4)
  A thrashing horror (Abyss:4)
  4 wretched stars
  3 skeletal warriors
  An unseen horror (D:13)
  A deep elf archer (D:13)
  9 starcursed masses
  3 ugly things
  The ghost of Tovarisch the Thaumaturge, a novice DEWz of Vehumet (D:7)
  An orc knight (D:15)
  An orb spider (Lair:4)
  A deep elf mage (D:13)
  2 orc sorcerers
  3 elephants (Lair:2)
  3 cyclopes
  4 manticores
  3 centaur zombies
  An apocalypse crab (Abyss:4)
  A guardian serpent (Abyss:4)
  4 black mambas
  A torpor snail (Lair:6)
  7 spiny frogs
  A smoke demon (Abyss:4)
  An efreet (D:15)
  A kobold demonologist (D:15)
  2 rime drakes
  13 komodo dragons
  4 yaktaurs (D:15)
  An ancient zyme (Abyss:4)
  4 trolls
  A queen bee (shapeshifter) (D:13)
  A queen bee (D:9)
  2 polar bears
  A polar bear (shapeshifter) (D:14)
  8 slime creatures (D:13)
  A hornet (Lair:4)
  31 blink frogs
  A raiju (Abyss:4)
  12 dream sheep
  10 hippogriffs
  2 shadows
  A spriggan (Lair:4)
  5 wyverns
  Sigmund (D:2)
  4 large abominations
  75 yaks
  2 vampires (D:14)
  5 basilisks
  A human (shapeshifter) (D:14)
  2 humans (D:11)
  2 wraiths
  A chaos spawn (Abyss:4)
  7 vampire mosquitoes
  3 hungry ghosts
  Duvessa (D:7)
  2 acid dragons
  9 water moccasins
  5 porcupines
  16 orc warriors
  A sky beast (D:11)
  A necrophage (D:13)
  13 ice beasts
  2 black bears
  43 wolves
  2 phantoms
  11 ogres
  13 centaurs
  15 crocodiles
  6 big kobolds
  24 bullfrogs
  Dowan (D:7)
  2 scorpions
  A water moccasin skeleton (D:4)
  19 killer bees
  6 wights
  2 small abominations
  2 electric eels
  5 crimson imps
  2 bullfrog zombies
  A quasit (D:12)
  12 orc priests
  6 centaur skeletons
  5 hounds
  A jelly (D:15)
  21 orc wizards
  6 bullfrog skeletons
  4 iguanas
  5 worker ants
  4 hound skeletons
  4 worker ant zombies
  Robin (D:3)
  10 gnolls (D:7)
  14 adders
  7 shadow imps
  An ufetubus (Abyss:4)
  An ooze (D:1)
  3 adder zombies (D:5)
  3 adder skeletons
  5 worms
  3 dart slugs
  4 leopard geckos
  70 orcs
  6 giant cockroaches
  14 goblins
  6 hobgoblins
  9 jackals
  4 quokkas
  7 bats
  4 frilled lizards
  A jackal zombie (D:5)
  21 kobolds
  3 leopard gecko zombies
  A quokka skeleton (D:5)
  2 quokka zombies (D:5)
  11 rats
  9 fungi
  A lurking horror (Abyss:4)
  2 plants
  A starspawn tentacle (Lair:3)
808 creatures vanquished.

Vanquished Creatures (collateral kills)
  An apocalypse crab (Abyss:4)
  A large abomination (Abyss:4)
2 creatures vanquished.

Vanquished Creatures (others)
  2 slime creatures (D:13)
  A centaur warrior (D:14)
  An ogre mage (D:13)
  A cyclops (D:14)
  A manticore (D:11)
  2 yaktaurs (D:13)
  A killer bee (D:9)
  An ufetubus (Abyss:4)
  16 fungi
  4 plants (Lair:6)
  4 starspawn tentacles
34 creatures vanquished.

Grand Total: 844 creatures vanquished

Notes
Turn   | Place    | Note
-------+----------+-------------------------------------------
     0 | Abyss:1  | Gorglomux the Minotaur Abyssal Knight began the quest for the Orb.
     0 | Abyss:1  | Reached XP level 1. HP: 19/19 MP: 1/1
    33 | Abyss:1  | Noticed an insubstantial wisp
    71 | Abyss:2  | Noticed a daeva
    72 | D:1      | Escaped the Abyss
   310 | D:1      | Reached * piety under Lugonu
   310 | D:1      | Reached XP level 2. HP: 22/27 MP: 2/2
   679 | D:1      | Reached skill level 3 in Axes
   913 | D:1      | Reached skill level 3 in Armour
   913 | D:1      | Reached XP level 3. HP: 33/33 MP: 3/3
  1192 | D:2      | Noticed Sigmund
  1210 | D:2      | Killed Sigmund
  1210 | D:2      | Reached skill level 3 in Dodging
  1210 | D:2      | Reached XP level 4. HP: 30/41 MP: 4/4
  1210 | D:2      | Reached XP level 5. HP: 34/47 MP: 5/5
  1709 | D:2      | Reached ** piety under Lugonu
  1859 | D:2      | Reached XP level 6. HP: 53/56 MP: 6/6
  2530 | D:3      | Noticed Robin
  2550 | D:3      | Killed Robin
  2680 | D:3      | Found a runed door.
  2729 | D:4      | Reached *** piety under Lugonu
  2924 | D:4      | Reached XP level 7. HP: 52/62 MP: 7/7
  3136 | D:4      | Reached skill level 6 in Fighting
  3757 | D:5      | Entered Level 5 of the Dungeon
  4225 | D:5      | Got a fine chain mail
  4236 | D:5      | Identified the +7 chain mail of Makhleb's Approval {rElec Str+3 Int-4 Dex+5} (You found it on level 5 of the Dungeon)
  4311 | D:5      | Reached skill level 6 in Axes
  4311 | D:5      | Reached XP level 8. HP: 70/71 MP: 8/8
  4328 | D:5      | Reached skill level 6 in Armour
  4834 | D:6      | Reached **** piety under Lugonu
  5025 | D:7      | Noticed Tovarisch's ghost (novice DEWz)
  5039 | D:7      | Killed Tovarisch's ghost
  5039 | D:7      | Reached skill level 6 in Dodging
  5039 | D:7      | Reached XP level 9. HP: 63/81 MP: 9/9
  5132 | D:7      | Found a staircase to the Ecumenical Temple.
  5209 | D:7      | Noticed Dowan
  5210 | D:7      | Noticed Duvessa
  5217 | D:7      | Killed Dowan
  5225 | D:7      | Killed Duvessa
  5712 | D:8      | Reached ***** piety under Lugonu
  5972 | D:8      | Reached skill level 9 in Fighting
  6003 | D:8      | Noticed a cyclops
  6018 | D:8      | Killed a cyclops
  6018 | D:8      | Reached skill level 3 in Invocations
  6248 | D:8      | Noticed Slunt's ghost (novice DsCK)
  6308 | Temple   | Entered the Ecumenical Temple
  6607 | D:9      | Reached XP level 10. HP: 91/91 MP: 11/11
  6850 | D:9      | Reached skill level 9 in Axes
  6861 | D:9      | Reached skill level 9 in Armour
  6891 | D:9      | HP: 4/91 [poisoned by a killer bee]
  6896 | D:9      | HP: 3/91 [poisoned by a killer bee]
  6903 | D:9      | HP: 3/91 [poisoned by a killer bee]
  7332 | D:9      | Found a sacrificial altar of Ru.
  7570 | D:9      | Found Nemm's Food Shoppe.
  7694 | D:9      | Found a shadowy altar of Dithmenos.
  7720 | D:10     | Entered Level 10 of the Dungeon
  8222 | D:10     | Found a portal to a secret trove of treasure.
  8286 | D:10     | Found a staircase to the Lair.
  8340 | D:11     | Noticed a two-headed ogre
  8591 | D:11     | Killed a two-headed ogre
  8591 | D:11     | Reached skill level 9 in Dodging
  8591 | D:11     | Reached XP level 11. HP: 75/101 MP: 8/14
  8709 | D:11     | Noticed a purple ugly thing
  8730 | D:11     | Killed a purple ugly thing
  8761 | D:11     | Reached skill level 6 in Invocations
  8995 | D:11     | Noticed a purple ugly thing
  9003 | D:11     | Killed a purple ugly thing
  9036 | D:11     | Found a staircase to the Orcish Mines.
  9169 | D:11     | Found a roughly hewn altar of Beogh.
  9206 | D:11     | Found an iron altar of Okawaru.
  9852 | D:12     | Noticed a two-headed ogre
  9860 | D:12     | Killed a two-headed ogre
  9860 | D:12     | Reached XP level 12. HP: 86/110 MP: 16/16
  9993 | D:12     | You fall through a shaft!
 10000 | D:13     | Reached skill level 1 in Shields
 10108 | D:13     | Noticed a centaur warrior
 10118 | D:13     | Killed a centaur warrior
 10255 | D:13     | Reached skill level 12 in Fighting
 10262 | D:13     | Noticed a vault guard
 10264 | D:13     | Noticed a vault guard
 10270 | D:13     | Noticed a vault guard
 10270 | D:13     | Noticed an ogre mage
 10271 | D:13     | Reached skill level 3 in Shields
 10290 | D:13     | Killed a vault guard
 10293 | D:13     | Banished an ogre mage
 10450 | D:13     | Killed a vault guard
 10450 | D:13     | Reached skill level 12 in Axes
 10450 | D:13     | Reached skill level 12 in Armour
 10613 | D:13     | Killed a vault guard
 11039 | D:12     | Found a hide-covered altar of Uskayaw.
 11235 | D:13     | Reached XP level 13. HP: 85/119 MP: 18/18
 11301 | D:13     | Found a gate to the Vaults.
 11710 | D:12     | Reached skill level 6 in Shields
 12032 | Lair:1   | Entered Level 1 of the Lair of Beasts
 13828 | Lair:3   | Reached ****** piety under Lugonu
 14459 | Lair:3   | Noticed Snorg
 14474 | Lair:3   | Killed Snorg
 15028 | Lair:4   | Reached XP level 14. HP: 118/132 MP: 19/19
 15116 | Lair:4   | Found a staircase to the Swamp.
 15442 | Lair:4   | Found a hole to the Spider Nest.
 15976 | Temple   | Fell from the grace of Lugonu
 15976 | Temple   | Became a worshipper of Makhleb the Destroyer
 16249 | Lair:5   | Reached skill level 9 in Shields
 16253 | Lair:5   | Reached * piety under Makhleb
 16254 | Lair:5   | Noticed Urug
 16459 | Lair:4   | Noticed a tentacled starspawn
 16469 | Lair:3   | Killed a tentacled starspawn
 16752 | Lair:5   | Killed Urug
 16789 | Lair:5   | Noticed a starcursed mass
 16976 | Lair:5   | Noticed a tentacled starspawn
 16979 | Lair:5   | Killed a tentacled starspawn
 17588 | Lair:5   | Found a staircase to the Slime Pits.
 17658 | Lair:6   | Entered Level 6 of the Lair of Beasts
 17700 | Lair:6   | Reached ** piety under Makhleb
 17909 | Lair:6   | Reached skill level 15 in Fighting
 18000 | Lair:6   | Reached *** piety under Makhleb
 18197 | Lair:6   | Reached skill level 15 in Axes
 18213 | Lair:6   | Reached skill level 15 in Armour
 18264 | Lair:6   | Noticed a starcursed mass
 18270 | Lair:6   | Paralysed by accursed screaming for 1 turns
 18297 | Lair:6   | Reached XP level 15. HP: 91/141 MP: 20/20
 19531 | D:14     | Reached **** piety under Makhleb
 20360 | D:15     | Entered Level 15 of the Dungeon
 20899 | D:15     | Found a staircase to the Depths.
 20903 | D:15     | Noticed a fire giant
 20917 | D:15     | Killed a fire giant
 20997 | D:15     | Reached skill level 12 in Shields
 21344 | Orc:1    | Entered Level 1 of the Orcish Mines
 21351 | Orc:1    | Reached ***** piety under Makhleb
 21355 | Orc:1    | Noticed Erica
 21364 | Orc:1    | Killed Erica
 21675 | Orc:1    | Cast into level 4 of the Abyss (Lugonu's touch)
 21692 | Abyss:4  | Noticed a deep elf sorcerer
 21697 | Abyss:4  | Killed a deep elf sorcerer
 21780 | Abyss:4  | Noticed a tentacled starspawn
 21792 | Abyss:4  | Killed a tentacled starspawn
 21840 | Abyss:4  | Killed a ghost moth
 21856 | Abyss:4  | HP: 4/116 [wretched star/orb of energy (7)]
 21861 | Abyss:4  | Killed from afar by a wretched star

Vault maps used:
D:1:      minmay_arrival_checkered_box
D:2:      first_ration, minmay_pentomino_v2, uniq_sigmund
D:3:      uniq_crazy_yiuf_cottage, uniq_robin
D:5:      serial_undead, serial_undead_b, serial_undead_e, serial_undead_c,
          serial_undead_c, serial_undead_b, serial_undead_c, serial_undead_b,
          serial_undead_a, serial_undead_e, serial_undead_f
D:6:      minivault_14
D:7:      minmay_temple_entry_grid, serial_glass, glass_columns_a,
          glass_columns_a, minmay_strange_pillars, uniq_duvessa
D:9:      nicolae_ru_awakened_eye, serial_shops, nicolae_shop_stone,
          david_nohive_1, grunt_dithmenos_shadows
D:10:     david_lair_shrubbed, nicolae_trove_entry_columns,
          minmay_gold_behind_fungi, serial_park_tiny_1
D:11:     minmay_orc_entry_temple_small, okawaru_humans
D:12:     basic_altar, portal_ice_cave_entry_ice_beasts
D:13:     grunt_vaults_entry_fortified
D:14:     hangedman_decor_clover_reticule, hangedman_abyss_or_decor_stabs,
          lemuel_flame_loot_1
D:15:     grunt_enter_depths_giant_problem
Temple:   kilobyte_greek_temple
Lair:2:   cheibrodos_lair_river_kwai, grunt_megastairs_4
Lair:3:   uniq_snorg
Lair:4:   minmay_swamp_entry_swarm, nicolae_spider_entry_orb_guardian,
          lemuel_fruit_fields
Lair:5:   dpeg_slime_entry_corner, minivault_26, serial_bayou_pond_c,
          grunt_forest_large_clearings, grunt_megastairs_3, uniq_urug
Lair:6:   evilmike_catoblepas_cave
Orc:1:    cheibrodos_orc_arena, uniq_erica
Abyss:2:  grunt_abyss_exit_deep_breaths, hangedman_abyss_mock_shop
Abyss:4:  nicolae_abyss_rune_left_handed

Skill      XL: |  1  2  3  4  5  6  7  8  9 10 11 12 13 14 15 |
---------------+----------------------------------------------+-----
Fighting       | 4 5 6 8 9 10 11 12 14 15 16 | 16.3
Axes           | 3 4 5 6 7 8 10 11 12 13 15 16 | 16.2
Armour         | 3 4 5 7 8 10 11 12 13 15 16 | 16.1
Dodging        | 3 4 5 6 7 9 10 | 10.3
Invocations    | 3 5 6 8 |  8.0
Shields        | 5 8 10 12 | 12.6

Action                   |  1- 3 |  4- 6 |  7- 9 | 10-12 | 13-15 || total
-------------------------+-------+-------+-------+-------+-------++-------
Melee: Hand axe          |    76 |   161 |   356 |   260 |    75 ||   928
       Headbutt          |    12 |    18 |    75 |   146 |   314 ||   565
       War axe           |       |       |       |   298 |   344 ||   642
       Broad axe         |       |       |       |       |   729 ||   729
Invok: Depart the Abyss  |     1 |       |       |       |       ||     1
       Banish            |       |       |       |    16 |       ||    16
       Bend Space        |       |       |       |     1 |     1 ||     2
       Lesser Servant of |       |       |       |       |     2 ||     2
Evoke: Wand              |       |       |       |     2 |       ||     2
  Use: Potion            |     1 |       |     1 |     2 |     7 ||    11
       Scroll            |       |     7 |     9 |     5 |    15 ||    36
 Stab: Distracted        |       |       |       |       |     2 ||     2
  Eat: Chunk             |     1 |     6 |    10 |    18 |    51 ||    86
       Ration            |       |       |     1 |     1 |       ||     2
Armor: Leather armour    |    19 |       |       |       |       ||    19
       Chain mail        |    29 |    88 |   194 |   311 |   495 ||  1117
       Skin              |       |       |       |    64 |       ||    64
Dodge: Dodged            |    49 |    79 |   175 |   376 |   592 ||  1271
Block: Shield            |       |       |       |       |   466 ||   466

Table legend:
 A = Spawn XP
 B = Non-spawn XP
 C = Spawn XP percentage of total XP
 D = Spawn monster count
 E = Non-spawn monster count
 F = Spawn count percentage of total count
 G = Total turns spent on level
                    A         B        C        D         E        F      G
               +---------+---------+-------+---------+---------+-------+---------
         Total |    3932 |  146374 |   2.6 |       8 |     780 |   1.0 | 21861
               +---------+---------+-------+---------+---------+-------+---------
           D:1 |       0 |      44 |   0.0 |       0 |      23 |   0.0 |   874
           D:2 |       0 |     330 |   0.0 |       0 |      24 |   0.0 |  1069
           D:3 |       0 |     270 |   0.0 |       0 |      41 |   0.0 |   687
           D:4 |       0 |     402 |   0.0 |       0 |      16 |   0.0 |  1055
           D:5 |       0 |     605 |   0.0 |       0 |      25 |   0.0 |   822
           D:6 |       0 |     570 |   0.0 |       0 |      15 |   0.0 |   442
           D:7 |       0 |    1553 |   0.0 |       0 |      33 |   0.0 |   668
           D:8 |       0 |    1714 |   0.0 |       0 |      29 |   0.0 |   956
           D:9 |       0 |    2633 |   0.0 |       0 |      30 |   0.0 |  1151
          D:10 |       0 |    2528 |   0.0 |       0 |      31 |   0.0 |   937
          D:11 |       0 |    8209 |   0.0 |       0 |      59 |   0.0 |  1258
          D:12 |       0 |    7189 |   0.0 |       0 |      47 |   0.0 |   792
          D:13 |       0 |   16357 |   0.0 |       0 |      45 |   0.0 |  1780
          D:14 |       0 |    5814 |   0.0 |       0 |      27 |   0.0 |  1224
          D:15 |       0 |   19870 |   0.0 |       0 |      46 |   0.0 |   870
        Lair:1 |       0 |    3837 |   0.0 |       0 |      14 |   0.0 |  1098
        Lair:2 |       0 |    8342 |   0.0 |       0 |      34 |   0.0 |   790
        Lair:3 |       0 |    6237 |   0.0 |       0 |      20 |   0.0 |  1155
        Lair:4 |       0 |    8565 |   0.0 |       0 |      43 |   0.0 |  1398
        Lair:5 |       0 |    9993 |   0.0 |       0 |      54 |   0.0 |   964
        Lair:6 |       0 |   28021 |   0.0 |       0 |      79 |   0.0 |  1106
         Orc:1 |       0 |    4099 |   0.0 |       0 |      32 |   0.0 |   331
       Abyss:4 |    3932 |    9192 |  30.0 |       8 |      13 |  38.1 |   186
               +---------+---------+-------+---------+---------+-------+---------
